 Dungeon Crawl Stone Soup version 0.15-b1-102-g52a9edc (webtiles) character file.

2 BoredOne the Ruinous (level 1, 0/10 HPs)
             Began as a Deep Elf Conjurer on Aug 22, 2014.
             Slain by a jackal (2 damage)
             ... on Level 1 of the Dungeon.
             The game lasted 00:00:31 (56 turns).

BoredOne the Ruinous (Deep Elf Conjurer)              Turns: 56, Time: 00:00:31

HP   0/10        AC  2     Str  5      XL: 1   Next: 25%
MP   0/5         EV 13     Int 19      God:
Gold 0           SH  0     Dex 15      Spells:  1 memorised,  5 levels left

rFire  . . .     SeeInvis .     (no weapon)
rCold  . . .     Clarity  .     a - +0 robe
rNeg   . . .     rCorr    .     (no shield)
rPois  .         rRot     .     (no helmet)
rElec  .         Spirit   .     (no cloak)
SustAb .         Warding  .     (no gloves)
rMut   .         Stasis   .     (no boots)
Gourm  .                        (no amulet)
MR     .....                    (no ring)
                                (no ring)

@: not resistant to hostile enchantments, unstealthy
A: no striking features
a: no special abilities


You were on level 1 of the Dungeon.
You were not hungry.

You visited 1 branch of the dungeon, and saw 1 of its levels.

Inventory:

Armour
 a - a +0 robe (worn)
Comestibles
 b - a bread ration
Scrolls
 d - a scroll of teleportation {unknown}
Books
 c - a book of Conjurations

   Spells                             Type                      Level
   *Magic Dart                        Conjuration                  1
   Searing Ray                        Conjuration                  2
   Dazzling Spray                     Conjuration/Hexes            3
   Fulminant Prism                    Conjuration/Hexes            4
   Iskenderun's Mystic Blast          Conjuration                  4
   Iskenderun's Battlesphere          Conjuration/Charms           5


   Skills:
 - Level 2.4 Dodging
 - Level 2.4 Stealth
 + Level 3.1 Spellcasting
 + Level 4.4 Conjurations


You had 5 spell levels left.
You knew the following spells:

 Your Spells              Type           Power        Failure   Level  Hunger
a - Magic Dart            Conj           ###.         2%          1    None


Dungeon Overview and Level Annotations

Branches:
Dungeon (1/15)

Altars:


Message History

There is a dry fountain here.
The jackal bites you but does no damage.
The jackal barely misses you.
Casting: Magic Dart
Confirm with . or Enter, or press ? or * to list all spells.
Aiming: Magic Dart
Press: ? - help, Shift-Dir - straight line, f/p - jackal
Aim: a jackal (heavily wounded)
The magic dart hits the jackal.
The jackal is severely wounded.
The jackal bites you.
* * * LOW HITPOINT WARNING * * *
You completely miss the jackal.
The jackal is severely wounded.
The jackal bites you but does no damage. x2
The giant gecko barely misses you.
You barely miss the jackal.
The jackal is severely wounded.
The jackal bites you.
You die...

#.......##
##........##
#..........#
#.........##
##........##
#........##
#.........####
#..............
#....@l...####
##.....h.⌠..#
#...........##
#.......⌠.⌠..##
#.............##
##.....⌠.⌠.⌠...##
#..............#
#...#######..###
... #.##.#


You could see a giant gecko and a jackal.

Vanquished Creatures
  A jackal (D:1)
  A goblin (D:1)
2 creatures vanquished.

Notes
Turn   | Place    | Note
--------------------------------------------------------------
     0 | D:1      | BoredOne, the Deep Elf Conjurer, began the quest for the Orb.
     0 | D:1      | Reached XP level 1. HP: 10/10 MP: 5/5
    54 | D:1      | HP: 2/10 [jackal (2)]
    56 | D:1      | Slain by a jackal

Action                   || total
-------------------------++-------
Melee: Unarmed           ||     8
 Cast: Magic Dart        ||     7
Dungeon Crawl Stone Soup version 0.15-b1-102-g52a9edc (webtiles) character file. 2 BoredOne the Ruinous (level 1, 0/10 HPs) Began as a Deep Elf Conjurer on Aug 22, 2014. Slain by a jackal (2 damage) ... on Level 1 of the Dungeon. The game lasted 00:00:31 (56 turns). BoredOne the Ruinous (Deep Elf Conjurer) Turns: 56, Time: 00:00:31 HP 0/10 AC 2 Str 5 XL: 1 Next: 25% MP 0/5 EV 13 Int 19 God: Gold 0 SH 0 Dex 15 Spells: 1 memorised, 5 levels left rFire . . . SeeInvis . (no weapon) rCold . . . Clarity . a - +0 robe rNeg . . . rCorr . (no shield) rPois . rRot . (no helmet) rElec . Spirit . (no cloak) SustAb . Warding . (no gloves) rMut . Stasis . (no boots) Gourm . (no amulet) MR ..... (no ring) (no ring) @: not resistant to hostile enchantments, unstealthy A: no striking features a: no special abilities You were on level 1 of the Dungeon. You were not hungry. You visited 1 branch of the dungeon, and saw 1 of its levels. Dungeon Overview and Level Annotations Branches: Dungeon (1/15) Altars: Skills: - Level 2.4 Dodging - Level 2.4 Stealth + Level 3.1 Spellcasting + Level 4.4 Conjurations You had 5 spell levels left. You knew the following spells: Your Spells Type Power Failure Level Hunger a - Magic Dart Conj ###. 2% 1 None Inventory: Armour a - a +0 robe (worn) Comestibles b - a bread ration Scrolls d - a scroll of teleportation {unknown} Books c - a book of Conjurations Spells Type Level *Magic Dart Conjuration 1 Searing Ray Conjuration 2 Dazzling Spray Conjuration/Hexes 3 Fulminant Prism Conjuration/Hexes 4 Iskenderun's Mystic Blast Conjuration 4 Iskenderun's Battlesphere Conjuration/Charms 5 Message History There is a dry fountain here. The jackal bites you but does no damage. The jackal barely misses you. Casting: Magic Dart Confirm with . or Enter, or press ? or * to list all spells. Aiming: Magic Dart Press: ? - help, Shift-Dir - straight line, f/p - jackal Aim: a jackal (heavily wounded) The magic dart hits the jackal. The jackal is severely wounded. The jackal bites you. * * * LOW HITPOINT WARNING * * * You completely miss the jackal. The jackal is severely wounded. The jackal bites you but does no damage. x2 The giant gecko barely misses you. You barely miss the jackal. The jackal is severely wounded. The jackal bites you. You die... #.......## ##........## #..........# #.........## ##........## #........## #.........#### #.............. #....@l...#### ##.....h.⌠..# #...........## #.......⌠.⌠..## #.............## ##.....⌠.⌠.⌠...## #..............# #...#######..### ... #.##.# You could see a giant gecko and a jackal.

Action                   || total
-------------------------++-------
Melee: Unarmed           ||     8
 Cast: Magic Dart        ||     7

Vanquished Creatures
  A jackal (D:1)
  A goblin (D:1)
2 creatures vanquished. Notes Turn | Place | Note -------------------------------------------------------------- 0 | D:1 | BoredOne, the Deep Elf Conjurer, began the quest for the Orb. 0 | D:1 | Reached XP level 1. HP: 10/10 MP: 5/5 54 | D:1 | HP: 2/10 [jackal (2)] 56 | D:1 | Slain by a jackal

Vault maps used:
D:1:      eino_arrival_cavern_a, cheibriados_altar_1
